 Dungeon Crawl Stone Soup version 0.29-a0-920-g5d2155ec51 (webtiles) character file.

Game seed: 4616799567351686049

138 Essalna the Conjurer (level 5, 0/35 HPs)
             Began as a Demonspawn Conjurer on July 27, 2022.
             Slain by a gnoll
             ... wielding a +0 whip
              (2 damage)
             ... on level 2 of the Dungeon.
             The game lasted 00:05:13 (3980 turns).

Essalna the Conjurer (Demonspawn Conjurer)          Turns: 3980, Time: 00:05:14

Health: 0/35       AC: 10    Str:  8    XL:     5   Next: 1%
Magic:  10/10      EV: 12    Int: 21    God:
Gold:   250        SH:  0    Dex: 11    Spells: 8/11 levels left

rFire   . . .      SeeInvis .   n - +1 dagger (venom)
rCold   . . .      Faith    .   (no shield)
rNeg    . . .      Spirit   .   a - +0 robe
rPois   .          Reflect  .   t - +2 hat
rElec   .          Harm     .   (no cloak)
rCorr   .          Rampage  .   (no gloves)
Will    .....                   (no boots)
Stlth   ++........              (no amulet)
HPRegen 0.11/turn               (no ring)
MPRegen 0.12/turn               (no ring)

@: sanguine armoured
A: claws 1, sanguine armour 1
a: no special abilities


You were on level 2 of the Dungeon.
You visited 1 branch of the dungeon, and saw 4 of its levels.

You collected 250 gold pieces.

Inventory:

Hand Weapons
 e - a +0 short sword
 i - a +0 dire flail
 n - a +1 dagger of venom (weapon)
Armour
 a - a +0 robe (worn)
 t - a +2 hat (worn)
Wands
 p - a wand of flame (18)
Scrolls
 c - 3 scrolls of teleportation {unknown}
 d - 2 scrolls of fog {unknown}
 g - 2 scrolls of acquirement {unknown}
 h - a scroll of summoning
 j - 2 scrolls of noise {unknown}
 m - 4 scrolls of identify {unknown}
 o - a scroll of immolation {unknown}
Potions
 b - 2 potions of magic
 f - a potion of degeneration {unknown}
 k - a potion of attraction {unknown}
 l - a potion of invisibility {unknown}
 q - a potion of mutation {unknown}
 r - a potion of curing {unknown}
 s - 2 potions of flight {unknown}


   Skills:
 - Level 1.7 Dodging
 - Level 1.7 Stealth
 + Level 3.6 Spellcasting
 + Level 5.3 Conjurations


You had 8 spell levels left.
You knew the following spells:

 Your Spells              Type           Power      Damage    Failure   Level
a - Magic Dart            Conj           100%       1d8       1%          1
b - Searing Ray           Conj           52%        2d6       2%          2

Your spell library contained the following spells:

 Spells                   Type           Power      Damage    Failure   Level
 Foxfire                  Conj/Fire      56%        2x1d6     4%          1
 Necrotise                Necr           12%        1d4       12%         1
 Conjure Flame            Conj/Fire      14%        6-21      13%         3
 Dazzling Flash           Conj/Hex       28%        N/A       13%         3
 Ignite Poison            Fire/Tmut/Pois 3%         N/A       36%         3
 Vampiric Draining        Necr           3%         2d6       36%         3
 Fulminant Prism          Conj/Hex       7%         3d7       38%         4
 Iskenderun's Mystic Bla  Conj/Tloc      14%        2d5       38%         4
 Agony                    Necr           3%         N/A       98%         5
 Starburst                Conj/Fire      7%         6d4       100%        6


Dungeon Overview and Level Annotations

Branches:
Dungeon (4/15)
 Temple: D:4-7

Altars:
Dithmenos
Qazlal


Innate Abilities, Weirdness & Mutations

You have sharp fingernails.
When seriously injured, your blood forms armour. (AC +6)


Message History

The gnoll hits you but does no damage. The gnoll closely misses you.
The gnoll barely misses you. The gnoll misses you.
The gnoll hits you but does no damage. The gnoll barely misses you.
The gnoll hits you but does no damage. The gnoll barely misses you.
The gnoll hits you with a +0 whip! The gnoll hits you but does no damage.
The gnoll barely misses you. The gnoll hits you with a +0 whip.
The gnoll barely misses you. The gnoll misses you. The gnoll barely misses you.
The gnoll completely misses you. The gnoll hits you with a +0 whip.
* * * LOW HITPOINT WARNING * * *
The gnoll misses you. The gnoll closely misses you.
The gnoll barely misses you. The gnoll hits you but does no damage.
The gnoll misses you. The gnoll hits you but does no damage.
The gnoll closely misses you. The gnoll hits you with a +0 whip.
* * * LOW HITPOINT WARNING * * *
The gnoll barely misses you. The gnoll hits you with a +0 whip.
* * * LOW HITPOINT WARNING * * *
The gnoll barely misses you. The gnoll hits you but does no damage.
The gnoll hits you with a +0 whip.
* * * LOW HITPOINT WARNING * * *
The gnoll closely misses you. The gnoll hits you with a +0 whip.
* * * LOW HITPOINT WARNING * * *
The gnoll closely misses you. The gnoll hits you with a +0 whip.
You die...

#...............##...>#..#.#
#.#########.....##..........
#.# #.###.#####......# #.#
#.# ##.###.#.###..
#.#########.# ##...##.# #..
#.........#)# ######.###..
#.#######.#.# #......
#.#######.#.# ###.###
#.##.......@# #.# #
#.##.###...g# #.# #.##.#
#..#)# #.# #....# #..#.# #.#
##.######..#.# #.# #..#
#<...#.# #.# #..# ##.##.#.#
#.# #..###...#)#.# #.##
#..##......#.# ##..##


You could see a gnoll.

Vanquished Creatures
  3 adders
  2 gnolls
  2 worms
  3 dart slugs
  5 orcs (D:3)
  7 ball pythons
  7 bats
  7 endoplasms
  3 giant cockroaches
  5 goblins
  3 hobgoblins
  2 jackals (D:1)
  7 kobolds
  6 quokkas
  5 frilled lizards
  7 rats
74 creatures vanquished.

Notes
Turn   | Place    | Note
-------+----------+-------------------------------------------
     0 | D:1      | Essalna the Demonspawn Conjurer began the quest for the
                  | Orb.
     0 | D:1      | Reached XP level 1. HP: 13/13 MP: 3/3
   366 | D:1      | You fall into a shaft and drop 1 floor!
   392 | D:2      | Gained mutation: When seriously injured, your blood forms
                  | armour. (AC +6) [demonic ancestry]
   392 | D:2      | Reached XP level 2. HP: 19/19 MP: 0/5
  1444 | D:2      | Reached XP level 3. HP: 24/24 MP: 5/7
  1543 | D:2      | Got the Vellum of Subjectivity
  1701 | D:2      | Learned a level 2 spell: Searing Ray
  2156 | D:2      | Found a stormy altar of Qazlal.
  2258 | D:2      | Reached XP level 4. HP: 30/30 MP: 4/8
  2687 | D:3      | Reached skill level 5 in Conjurations
  3284 | D:3      | Found a faded altar of an unknown god.
  3499 | D:3      | Found a shadowy altar of Dithmenos.
  3878 | D:4      | Gained mutation: You have sharp fingernails. [demonic
                  | ancestry]
  3878 | D:4      | Reached XP level 5. HP: 35/35 MP: 5/10
  3980 | D:2      | Slain by a gnoll

Illustrated notes

Levels and vault maps discovered:
D:1:      mrwooster_arrival_statue_3, layout_basic
D:2:      minmay_wonky_spiral, layout_loops_ring, basic_altar
D:3:      layout_rooms, grunt_dithmenos_smoke, ebering_ecumenical_altar_mist,
          hangedman_feature_mirror
D:4:      layout_rooms, serial_shops, nicolae_shop_trees

Skill      XL: |  1  2  3  4 |
---------------+-------------+-----
Spellcasting   | 3 |  3.6
Conjurations   | 5 |  5.3
Dodging        | |  1.7
Stealth        | |  1.7

Action                   |  1- 3 |  4- 6 || total
-------------------------+-------+-------++-------
Melee: Unarmed           |    10 |       ||    10
       Dire flail        |    15 |     2 ||    17
       Dagger            |       |    30 ||    30
 Cast: Magic Dart        |    51 |    81 ||   132
       Searing Ray       |     1 |       ||     1
Armor: Robe              |     7 |    19 ||    26
Dodge: Dodged            |    24 |    45 ||    69

Table legend: (Time is in decaauts)
 A = Elapsed time spent in this place.
 B = Non-inter-level travel time spent in this place.
 C = Inter-level travel time spent in this place.
 D = Time resting spent in this place.
 E = Time spent auto-exploring this place.
 F = Levels seen in this place.
 G = Mean time per level.
                   A        B        C        D        E       F      G
               +--------+--------+--------+--------+--------+-----+--------+
         Total |   3985 |   3773 |    212 |      0 |   3320 |   4 |  996.2 |
       Dungeon |   3985 |   3773 |    212 |      0 |   3320 |   4 |  996.2 |
               +--------+--------+--------+--------+--------+-----+--------+

Top non-repeatable levels by time:
     D:1: 1408 daAuts
     D:3: 1175 daAuts
     D:2: 1101 daAuts
     D:4: 299 daAuts
